 Dungeon Crawl Stone Soup version 0.30-a0-141-g30f27751c5 (webtiles) character file.

Game seed: 9879004151194105197

1747 qw the Cleaver (level 9, 0/55 HPs)
             Began as a Gargoyle Fighter on Sept 25, 2022.
             Was a Believer of Okawaru.
             Engulfed by a cloud of flame (11 damage)
             ... on level 7 of the Dungeon.
             The game lasted 00:02:16 (6142 turns).

qw the Cleaver (Gargoyle Fighter)                   Turns: 6142, Time: 00:02:16

Health: 0/55       AC: 29    Str: 24      XL:     9   Next: 6%
Magic:  12/12      EV: 27    Int:  7 (9)  God:    Okawaru [**....]
Gold:   356        SH:  4    Dex:  9      Spells: 8/8 levels left

rFire   . . .      SeeInvis .    Y - +2 war axe
rCold   . . .      Faith    .    c - +0 buckler
rNeg    + . .      Spirit   .    a - +0 chain mail
rPois   inf        Reflect  .    h - +2 helmet
rElec   +          Harm     .    (no cloak)
rCorr   .          Rampage  .    e - +2 pair of gloves
Will    .....                    j - +2 pair of boots
Stlth   ..........               k - amulet of the acrobat
HPRegen 0.18/turn                i - +4 ring of evasion
MPRegen 0.13/turn                o - +4 ring of protection

@: acrobatic
A: sickness immunity, AC +6, negative energy resistance 1, electricity
resistance, torment resistance 1, petrification resistance, deterioration 1
a: Renounce Religion, Heroism


You were on level 7 of the Dungeon.
You worshipped Okawaru.
Okawaru was pleased with you.
You visited 2 branches of the dungeon, and saw 9 of its levels.

You collected 356 gold pieces.


Innate Abilities, Weirdness & Mutations

You are immune to sickness and miasma.
Your stone body is resilient. (AC +6)
You are immune to poison.
You resist negative energy. (rN+)
You are resistant to electric shocks. (rElec)
You are resistant to unholy torment.
You are immune to petrification.
Your body sometimes deteriorates upon taking damage.


   Skills:
 - Level 6.2 Fighting
 + Level 8.2 Axes
 - Level 4.0 Armour
 - Level 1.7 Dodging
 - Level 3.2 Shields
 - Level 4.1 Invocations


You had 8 spell levels left.
You didn't know any spells.
Your spell library was empty.

Inventory:

Hand Weapons
 m - a +0 flail
 Y - a +2 war axe (weapon)
Armour
 a - a +0 chain mail (worn)
 c - a +0 buckler (worn)
 e - a +2 pair of gloves (worn)
 h - a +2 helmet (worn)
 j - a +2 pair of boots (worn)
Jewellery
 i - a +4 ring of evasion (left hand)
 k - an amulet of the acrobat (around neck)
 o - a +4 ring of protection (right hand)
Scrolls
 b - a scroll of identify
Potions
 d - a potion of might
 f - 3 potions of heal wounds {unknown}
 g - a potion of curing
 l - 3 potions of haste
 n - 3 potions of lignification

Dungeon Overview and Level Annotations

Branches:
Dungeon (8/15)             Temple (1/1) D:4
   Lair: D:8-11

Altars:
Ashenzari
Cheibriados
Dithmenos
Elyvilon
Hepliaklqana
Kikubaaqudgha
Nemelex Xobeh
Okawaru
Qazlal
Trog
Vehumet
Wu Jian
Yredelemnul
The Shining One

Shops:
D:5 :


Message History

6102 ||| UPGRADING to amulet of the acrobat.
You start putting on your amulet.
You continue putting on your amulet of the acrobat. x3
You are engulfed in blazing flames.
You continue putting on your amulet of the acrobat.
You are engulfed in blazing flames.
You continue putting on your amulet of the acrobat.
You are engulfed in blazing flames.
You finish putting on your amulet of the acrobat.
You feel ready to tumble and roll out of harm's way.
k - an amulet of the acrobat (around neck) You're standing in a cloud of flame!
You are engulfed in blazing flames.
You're standing in a cloud of flame!
You are engulfed in blazing flames.
You start resting.
You're standing in a cloud of flame!
You're standing in a cloud of flame!
You are engulfed in blazing flames.
You start resting.
You're standing in a cloud of flame!
You're standing in a cloud of flame!
You are engulfed in blazing flames.
You start resting.
You're standing in a cloud of flame!
You're standing in a cloud of flame!
You are engulfed in blazing flames.
You're standing in a cloud of flame!
You are engulfed in blazing flames.
You're standing in a cloud of flame!
You are engulfed in blazing flames.
Your body deteriorates!
You feel dopey.
You're standing in a cloud of flame!
You are engulfed in blazing flames.
You're standing in a cloud of flame!
You are engulfed in blazing flames.
Your body deteriorates!
You feel dopey.
You're standing in a cloud of flame!
You are engulfed in blazing flames.
You die...

#......># ##¤
#..####.# ### #..# #.#
#8 00..# #.# ##
###..####.#### #¤
#..........# #¤
#..####.##.#
#.####¤####.....#.##.#
#!..000@....###.#.##.#
###..................#
#.0.####.##...#.######
#.## #.##...#....... #
#.####.######## #.#
#.# .... #.# #.# #
######.. #.# #.# #.
#(.....# #.# #.#


There were no monsters in sight!

Vanquished Creatures
  A sky beast (D:8)
  3 ogres
  2 black bears (D:6)
  A phantom (D:3)
  2 bullfrogs
  4 scorpions
  A gnoll sergeant (D:7)
  A howler monkey (D:5)
  4 hounds
  2 orc priests (D:5)
  A jelly (D:5)
  4 iguanas
  4 orc wizards
  Terence (D:3)
  11 adders
  4 gnolls (D:7)
  An ufetubus (D:4)
  2 dart slugs
  2 worms
  17 orcs
  7 bats
  4 endoplasms
  3 giant cockroaches
  5 goblins (D:1)
  2 hobgoblins
  13 jackals
  2 kobolds
  4 quokkas
  6 ball pythons
  5 frilled lizards
  6 rats
125 creatures vanquished.

Notes
Turn   | Place    | Note
-------+----------+-------------------------------------------
     0 | D:1      | qw the Gargoyle Fighter began the quest for the Orb.
     0 | D:1      | Reached XP level 1. HP: 14/14 MP: 1/1
     0 | D:1      | 0 ||| qw: Version: 0.2-a-9-ge00f85e
     0 | D:1      | 0 ||| qw: Game counter: 99
     0 | D:1      | 0 ||| qw: Always use a shield: true
     0 | D:1      | 0 ||| qw: God list: Okawaru
     0 | D:1      | 0 ||| qw: Allow faded altars: false
     0 | D:1      | 0 ||| qw: Do Orc after D:15 true
     0 | D:1      | 0 ||| qw: Do second Lair branch before Depths: true
     0 | D:1      | 0 ||| qw: Lair rune preference: random
     0 | D:1      | 0 ||| qw: Plans: Normal, Zot:1-4, God:TSO, Crypt, Tomb,
                  | Pan, Slime:5, Hells, Abyss, Orb
     0 | D:1      | 0 ||| PLANNING D:1-11
    17 | D:1      | Reached skill level 2 in Axes
   138 | D:1      | Reached XP level 2. HP: 19/19 MP: 2/2
   329 | D:1      | 329 ||| Stepping ~*~*~tactically~*~*~ (stealth).
   347 | D:1      | Reached skill level 3 in Axes
   373 | D:1      | 373 ||| Stepping ~*~*~tactically~*~*~ (stealth).
   386 | D:1      | 386 ||| Stepping ~*~*~tactically~*~*~ (stealth).
   390 | D:1      | Reached XP level 3. HP: 23/23 MP: 3/3
   420 | D:1      | 420 ||| DROPPING +0 club.
   574 | D:1      | 574 ||| UPGRADING to +2 helmet.
   579 | D:1      | 579 ||| UPGRADING to +0 pair of boots.
   584 | D:1      | 584 ||| UPGRADING to +4 ring of evasion.
   585 | D:1      | 585 ||| READING scroll labelled CIFINIRCH XAIP.
   586 | D:1      | 586 ||| DRINKING 2 black potions.
   587 | D:1      | 587 ||| DRINKING 2 sapphire potions.
   682 | D:2      | 682 ||| Stepping ~*~*~tactically~*~*~ (stealth).
   773 | D:2      | 773 ||| READING scroll of enchant weapon.
   773 | D:2      | 773 ||| ENCHANTING +1 war axe.
  1322 | D:2      | 1322 ||| READING scroll labelled OKHLOE SIPANT.
  1323 | D:2      | 1323 ||| READING scroll labelled VEQOTI OPRO.
  1324 | D:2      | 1324 ||| READING 2 scrolls labelled MUGAPNI GEIRE.
  1325 | D:2      | 1325 ||| READING scroll of enchant armour.
  1325 | D:2      | 1325 ||| ENCHANTING +0 pair of boots.
  1326 | D:2      | 1326 ||| READING scroll labelled JIEGGACAMIO.
  1327 | D:2      | 1327 ||| READING scroll labelled FEDUABUODU.
  1330 | D:2      | 1330 ||| READING scroll labelled AGRAMP VORRIV.
  1331 | D:2      | 1331 ||| READING scroll labelled KIABOI QINA.
  1367 | D:3      | Found a faded altar of an unknown god.
  1402 | D:3      | Noticed Terence
  1403 | D:3      | 1403 ||| Stepping ~*~*~tactically~*~*~ (hiding).
  1414 | D:3      | Killed Terence
  1415 | D:3      | Reached skill level 4 in Axes
  1415 | D:3      | Reached XP level 4. HP: 15/28 MP: 4/4
  1664 | D:3      | 1664 ||| FLEEEEING.
  1665 | D:3      | 1665 ||| FLEEEEING.
  1666 | D:3      | 1666 ||| FLEEEEING.
  1668 | D:3      | 1668 ||| FLEEEEING.
  1669 | D:3      | 1669 ||| FLEEEEING.
  1670 | D:3      | 1670 ||| FLEEEEING.
  1671 | D:3      | 1671 ||| FLEEEEING.
  1672 | D:3      | 1672 ||| FLEEEEING.
  1673 | D:3      | 1673 ||| FLEEEEING.
  1674 | D:3      | 1674 ||| FLEEEEING.
  1675 | D:3      | 1675 ||| FLEEEEING.
  1677 | D:3      | 1677 ||| FLEEEEING.
  1888 | D:3      | 1888 ||| READING scroll of enchant armour.
  1888 | D:3      | 1888 ||| ENCHANTING +1 pair of boots.
  1964 | D:3      | Noticed a phantom
  1987 | D:3      | Killed a phantom
  1988 | D:3      | Reached skill level 5 in Axes
  1988 | D:3      | Reached XP level 5. HP: 15/32 MP: 5/5
  2350 | D:3      | Reached XP level 6. HP: 36/38 MP: 6/6
  2365 | D:3      | 2365 ||| DROPPING +0 mace.
  2544 | D:3      | 2544 ||| UPGRADING to +0 chain mail.
  2554 | D:3      | 2554 ||| DROPPING +0 scale mail.
  2866 | D:4      | Found a staircase to the Ecumenical Temple.
  2867 | D:4      | 2867 ||| PLANNING TEMPLE
  2867 | D:4      | 2867 ||| READING scroll labelled MIT CIDGHUEGGEP.
  2868 | D:4      | 2868 ||| DRINKING 2 bubbling inky potions.
  2917 | Temple   | Entered the Ecumenical Temple
  2918 | Temple   | 2918 ||| PLANNING D:1-11
  2922 | Temple   | Became a worshipper of Warmaster Okawaru
  3857 | D:4      | 3857 ||| UPGRADING to +4 ring of protection.
  3858 | D:4      | 3858 ||| READING 2 scrolls of identify.
  3858 | D:4      | 3858 ||| IDENTIFYING grey potion
  3859 | D:4      | 3859 ||| DROPPING potion of invisibility.
  3891 | D:5      | Entered Level 5 of the Dungeon
  3894 | D:5      | 3894 ||| STAIRDANCE
  3908 | D:5      | 3908 ||| STAIRDANCE
  3975 | D:5      | 3975 ||| Stepping ~*~*~tactically~*~*~ (stealth).
  3979 | D:5      | HP: 6/38 [ogre/+0 giant club (11)]
  3981 | D:5      | Reached skill level 6 in Axes
  3985 | D:5      | Reached skill level 1 in Dodging
  3985 | D:5      | Reached XP level 7. HP: 8/43 MP: 7/7
  4047 | D:5      | 4047 ||| FLEEEEING.
  4048 | D:5      | 4048 ||| FLEEEEING.
  4053 | D:5      | 4053 ||| FLEEEEING.
  4054 | D:5      | 4054 ||| FLEEEEING.
  4055 | D:5      | 4055 ||| FLEEEEING.
  4056 | D:5      | 4056 ||| FLEEEEING.
  4061 | D:5      | 4061 ||| FLEEEEING.
  4062 | D:5      | 4062 ||| FLEEEEING.
  4063 | D:5      | 4063 ||| FLEEEEING.
  4064 | D:5      | 4064 ||| FLEEEEING.
  4065 | D:5      | 4065 ||| FLEEEEING.
  4066 | D:5      | 4066 ||| FLEEEEING.
  4067 | D:5      | 4067 ||| FLEEEEING.
  4068 | D:5      | 4068 ||| STAIRDANCE
  4240 | D:5      | 4240 ||| STAIRDANCE
  4367 | D:5      | 4367 ||| Stepping ~*~*~tactically~*~*~ (hiding).
  4372 | D:5      | 4372 ||| Stepping ~*~*~tactically~*~*~ (stealth).
  4413 | D:5      | 4413 ||| Stepping ~*~*~tactically~*~*~ (stealth).
  4414 | D:5      | 4414 ||| Stepping ~*~*~tactically~*~*~ (stealth).
  4425 | D:5      | Found a glowing golden altar of the Shining One.
  4437 | D:5      | Reached * piety under Okawaru
  4456 | D:5      | Found Ippak's Book Boutique.
  4465 | D:5      | 4465 ||| Stepping ~*~*~tactically~*~*~ (stealth).
  4544 | D:5      | 4544 ||| Stepping ~*~*~tactically~*~*~ (stealth).
  4553 | D:5      | 4553 ||| DRINKING potion of curing.
  4553 | D:5      | 4553 ||| (to cure confusion)
  4554 | D:5      | 4554 ||| INVOKING Heroism.
  4562 | D:5      | Reached skill level 1 in Invocations
  4565 | D:5      | 4565 ||| INVOKING Heroism.
  4566 | D:5      | 4566 ||| INVOKING Heroism.
  4707 | D:5      | 4707 ||| INVOKING Heroism.
  4764 | D:5      | Reached skill level 7 in Axes
  4786 | D:5      | 4786 ||| INVOKING Heroism.
  4792 | D:5      | Reached skill level 3 in Invocations
  4792 | D:5      | Reached XP level 8. HP: 45/48 MP: 7/10
  4829 | D:5      | 4829 ||| Stepping ~*~*~tactically~*~*~ (stealth).
  4842 | D:5      | Found an ancient bone altar of Kikubaaqudgha.
  5072 | D:5      | 5072 ||| READING scroll labelled LUNTOAXAMI.
  5073 | D:5      | 5073 ||| DRINKING 2 inky potions.
  5073 | D:5      | Gained mutation: You expend magic power (3 MP) to
                  | strengthen your wands. [potion of mutation]
  5073 | D:5      | Lost mutation: You expend magic power (3 MP) to strengthen
                  | your wands. [potion of mutation]
  5073 | D:5      | Gained mutation: You sometimes lose your temper in combat.
                  | [potion of mutation]
  5074 | D:5      | 5074 ||| DRINKING potion of mutation.
  5074 | D:5      | Lost mutation: You sometimes lose your temper in combat.
                  | [potion of mutation]
  5074 | D:5      | Gained mutation: Your body sometimes deteriorates upon
                  | taking damage. [potion of mutation]
  5161 | D:6      | 5161 ||| INVOKING Heroism.
  5181 | D:6      | 5181 ||| INVOKING Heroism.
  5252 | D:6      | Found a bloodstained altar of Trog.
  5298 | D:6      | You fall into a shaft and drop 2 floors!
  5406 | D:7      | Reached skill level 8 in Axes
  5432 | D:7      | Reached ** piety under Okawaru
  5497 | D:7      | 5497 ||| UPGRADING to +0 pair of gloves.
  5502 | D:7      | 5502 ||| READING 2 scrolls of enchant armour.
  5502 | D:7      | 5502 ||| ENCHANTING +0 pair of gloves.
  5503 | D:7      | 5503 ||| READING scroll of enchant armour.
  5503 | D:7      | 5503 ||| ENCHANTING +1 pair of gloves.
  5505 | D:7      | 5505 ||| FLEEEEING.
  5506 | D:7      | 5506 ||| FLEEEEING.
  5507 | D:7      | 5507 ||| FLEEEEING.
  5508 | D:7      | 5508 ||| STAIRDANCE
  5622 | D:6      | 5622 ||| Stepping ~*~*~tactically~*~*~ (stealth).
  5623 | D:6      | Found a stormy altar of Qazlal.
  5624 | D:6      | 5624 ||| Stepping ~*~*~tactically~*~*~ (stealth).
  5627 | D:6      | 5627 ||| Stepping ~*~*~tactically~*~*~ (stealth).
  5665 | D:6      | 5665 ||| INVOKING Heroism.
  5720 | D:6      | Identified the +0 robe of Snakes and Ladders {Int+4}
  5769 | D:6      | Reached skill level 6 in Fighting
  5769 | D:6      | Reached XP level 9. HP: 55/55 MP: 12/12
  6102 | D:7      | 6102 ||| UPGRADING to amulet of the acrobat.
  6141 | D:7      | HP: 11/55 [something (13)]
  6142 | D:7      | Engulfed by a cloud of flame

Levels and vault maps discovered:
D:1:      erik_arrival_blinker_ship, layout_rooms, kennysheep_crisscross
D:2:      layout_basic
D:3:      layout_basic, nicolae_ecumenical_pavilion, st_stairs_8, uniq_terence
D:4:      layout_layer_cave, minmay_temple_entry_crystal_x,
          kennysheep_generic_room_16
D:5:      layout_rooms, mainiacjoe_overflow_six_doors_small,
          nicolae_kikubaaqudgha_miasma_corner, serial_shops,
          nicolae_square_shop, hex_large, minmay_fractal_squares_gapless_5
D:6:      layout_loops_ring, mainiacjoe_overflow_small_starburst,
          trog_ov_bears_minmay
D:7:      layout_basic, lemuel_flamethrower_2
D:8:      minmay_chambers_of_sixes, layout_rooms,
          pdpol_temple_overflow_zin_treasury_gozag_greed,
          erik_lair_orcish_takeover, minmay_misc_feat_tiny
Temple:   hellmonk_temple_micro_hex

Skill      XL: |  1  2  3  4  5  6  7  8 |
---------------+-------------------------+-----
Axes           | 2 3 4 5 6 7 8 |  8.2
Fighting       | 4 6 |  6.2
Dodging        | 1 |  1.7
Invocations    | 3 4 |  4.1
Armour         | 4 |  4.0
Shields        | |  3.2

Action                   |  1- 3 |  4- 6 |  7- 9 || total
-------------------------+-------+-------+-------++-------
Melee: War axe           |   108 |   136 |   209 ||   453
Invok: Heroism           |       |       |     7 ||     7
  Use: Scroll            |    10 |     3 |     3 ||    16
       Potion            |     2 |     1 |     3 ||     6
Armor: Scale mail        |    50 |    43 |       ||    93
       Chain mail        |       |    21 |   127 ||   148
Dodge: Dodged            |    76 |    71 |    96 ||   243
Block: Buckler           |    28 |    22 |    51 ||   101

Table legend:
 A = Non-vault XP
 B = Vault XP
 C = Vault XP percentage of total XP
 D = Non-vault monster count
 E = Vault monster count
 F = Vault count percentage of total count
                 A         B        C        D         E       F
            +---------+---------+-------+---------+---------+-------
      Total |    2155 |     342 |  13.7 |     117 |       8 |   6.4
            +---------+---------+-------+---------+---------+-------
        D:1 |      42 |       0 |   0.0 |      22 |       0 |   0.0
        D:2 |      20 |       0 |   0.0 |      12 |       0 |   0.0
        D:3 |     233 |      33 |  12.4 |      30 |       2 |   6.2
        D:4 |      53 |       8 |  13.1 |      10 |       1 |   9.1
        D:5 |     861 |      59 |   6.4 |      25 |       3 |  10.7
        D:6 |     352 |     242 |  40.7 |       8 |       2 |  20.0
        D:7 |     362 |       0 |   0.0 |       8 |       0 |   0.0
        D:8 |     232 |       0 |   0.0 |       2 |       0 |   0.0
            +---------+---------+-------+---------+---------+-------
